AoeStats
← DS_Migno

Black Forest

510462269Analyzed
2v2 RM · 1d ago on Oct 1, 2026· 39m 5s· 4 players
Game mode
Random Map
Map size
Medium (4 player)
Population
200
Speed
Normal
Resources
Standard
Victory
Conquest
Starting age
Dark Age
Ending age
Imperial Age
RankedLock teamsTeams togetherTeam positionsShared explorationLock speedFull tech treeHidden civsTurbo modeCheats
Victory
Defeat
🇨🇷 Khmer · Costa Rica
1238
+14
🇨🇷 Franks · Costa Rica
1235
+14
🇲🇽 Danes · Mexico
1192
-14
🇲🇽 Varangians · Mexico
1192
-14
ranchwalker
6:29 Loom
9:28 Feudal Age
10:01 Man-at-Arms
13:28 Double-Bit Axe
15:06 Scale Mail Armor
16:58 Forging
18:36 Town Watch
20:57 Fletching
26:45 Castle Age
24:50 Stone Mining
25:06 Fishing Lines
27:42 Bodkin Arrow
28:33 Medium Warships
29:28 Chain Mail Armor
29:03 Pikeman
35:57 Horse Collar
.::LastShadow::.
1:05 Loom
11:34 Feudal Age
12:29 Double-Bit Axe
12:26 Horse Collar
14:56 Wheelbarrow
17:41 Castle Age
19:47 Bow Saw
19:40 Heavy Plow
25:50 Fortified Wall
27:46 Scale Barding Armor
29:28 Forging
30:28 Husbandry
32:07 Bloodlines
32:39 Chain Barding Armor
33:45 Iron Casting
34:43 Elite Skirmisher
DS_Migno
5:06 Loom
8:24 Feudal Age
11:31 Man-at-Arms
12:12 Double-Bit Axe
13:19 Man-at-Arms
16:01 Scale Mail Armor
20:55 Scale Barding Armor
22:06 Wheelbarrow
21:24 Gold Mining
21:32 Loom
24:50 Castle Age
22:39 Loom
23:23 Forging
26:04 Chain Barding Armor
25:05 Light Cavalry
25:46 Husbandry
39:25 Imperial Age
40:07 Iron Casting
dani9milpz
4:20 Loom
9:16 Feudal Age
13:28 Double-Bit Axe
16:29 Castle Age
15:46 Wheelbarrow
29:20 Fletching
29:30 Padded Archer Armor
Connection lost

Rejoining the realm…

Still unreachable

The connection could not be restored.

Session expired

The server has moved on; the page needs a fresh start.